 Seeded DCSS version 0.28-a0-1567-g1695149f81 (webtiles) character file.

Game seed: 28272 (custom seed)

8 knot the Chopper (level 2, 18/24 HPs)
             Began as a Demonspawn Berserker on Jan 20, 2022.
             Was a Follower of Trog.
             Quit the game on level 1 of the Dungeon.
             The game lasted 00:00:17 (481 turns).

knot the Chopper (Demonspawn Berserker)              Turns: 481, Time: 00:00:17

Health: 18/24      AC:  2    Str: 17    XL:     2   Next: 0%
Magic:  2/2        EV: 12    Int:  8    God:    Trog [*.....]
Gold:   8          SH:  0    Dex: 12    Spells: 1/1 levels left

rFire   . . .      SeeInvis .   a - +0 hand axe
rCold   . . .      Faith    .   (no shield)
rNeg    . . .      Spirit   .   b - +0 animal skin
rPois   .          Reflect  .   (no helmet)
rElec   .          Harm     .   (no cloak)
rCorr   .          Rampage  .   (no gloves)
Will    .....                   (no boots)
Stlth   +.........              (no amulet)
HPRegen 0.08/turn               (no ring)
MPRegen 0.08/turn               (no ring)

@: no status effects
A: foul stench 1
a: Renounce Religion, Berserk


You were on level 1 of the Dungeon.
You worshipped Trog.
Trog was aware of your devotion.
You visited 1 branch of the dungeon, and saw 1 of its levels.

You collected 8 gold pieces.

Inventory:

Hand Weapons
 a - a +0 hand axe (weapon)
Missiles
 d - 4 poisoned darts (quivered)
Armour
 b - a +0 animal skin (worn)
Scrolls
 c - a scroll of identify {unknown}
Potions
 e - a potion of lignification {unknown}


   Skills:
 - Level 3.0 Fighting
 + Level 3.2 Axes
 - Level 1.7 Armour
 - Level 1.7 Dodging


You had one spell level left.
You didn't know any spells.
Your spell library was empty.

Dungeon Overview and Level Annotations

Branches:
Dungeon (1/15)

Altars:


Innate Abilities, Weirdness & Mutations

You may rarely emit foul miasma when damaged in melee.


Message History

No target in view!
There is an open door here.
A rat comes into view.
Found a sedimented pink potion.
You hit the rat.
The rat is heavily wounded.
The rat bites you.
You hit the rat.
You kill the rat!
Trog accepts your kill.
No target in view!
No target in view!
No target in view!
You see here a rat corpse.
e - a sedimented pink potion You open the door.
There is an open door here.
Key pressed, stopping explore.
No target in view!
There is an open door here.
A rat comes into view.
A rat is nearby!
The rat barely misses you.
You hit the rat.
The rat is heavily wounded.
The rat closely misses you.
You hit the rat but do no damage.
The rat is heavily wounded.
The rat bites you.
You barely miss the rat.
The rat is heavily wounded.
The rat bites you.
A rat is nearby!
You hit the rat.
You kill the rat!
Trog accepts your kill.
You have reached level 2!
Your demonic ancestry asserts itself...
You begin to emit a foul stench of rot and decay.
Are you sure you want to abandon this character and quit the game? (Confirm with "yes".)

#### ..# ######### ###.#
#.......# ##...##### #.#####.#
##.....##.###.#####.##
#......#...##.##......
#!...............##.#.
#.#..@##...##.#####.#.
#.###†###.###......... ... ..#
#.# #####.###. #.##### #.# #.#
#. #.# ##'## #.# #. #.# ##...##
#.# #. #####.# ##.....## #.###.
#.....# ##.......## #.#.#.
######....####.........###.....


There were no monsters in sight!

Vanquished Creatures
  A ball python (D:1)
  A bat (D:1)
  3 hobgoblins (D:1)
  2 rats (D:1)
7 creatures vanquished.

Notes
Turn   | Place    | Note
-------+----------+-------------------------------------------
     0 | D:1      | knot the Demonspawn Berserker began the quest for the Orb.
     0 | D:1      | Reached XP level 1. HP: 18/18 MP: 1/1
   481 | D:1      | Gained mutation: You may rarely emit foul miasma when
                  | damaged in melee. [demonic ancestry]
   481 | D:1      | Reached XP level 2. HP: 18/24 MP: 2/2
   481 | D:1      | Quit the game

Illustrated notes

Levels and vault maps discovered:
D:1:      dpeg_arrival_windows_large_door, layout_loops_corners

Skill      XL: |  1 |
---------------+----+-----
Axes           | 3 |  3.2
Fighting       | |  3.0
Armour         | |  1.7
Dodging        | |  1.7

Action                   || total
-------------------------++-------
Melee: Hand axe          ||    26
 Stab: Sleeping          ||     1
Armor: Animal skin       ||     4
Dodge: Dodged            ||    24

Table legend: (Time is in decaauts)
 A = Elapsed time spent in this place.
 B = Non-inter-level travel time spent in this place.
 C = Inter-level travel time spent in this place.
 D = Time resting spent in this place.
 E = Time spent auto-exploring this place.
 F = Levels seen in this place.
 G = Mean time per level.
                   A        B        C        D        E       F      G
               +--------+--------+--------+--------+--------+-----+--------+
         Total |    484 |    484 |      0 |    141 |    282 |   1 |  484.0 |
       Dungeon |    484 |    484 |      0 |    141 |    282 |   1 |  484.0 |
               +--------+--------+--------+--------+--------+-----+--------+

Top non-repeatable levels by time:
     D:1: 484 daAuts
